 Dungeon Crawl Stone Soup version 0.19.0-19-g8c6edcc (webtiles) character file.

106 kae the Conjurer (level 4, 0/24 HPs)
             Began as a Tengu Fire Elementalist on Nov 13, 2016.
             Slain by an orc priest
             ... wielding a +1 whip of electrocution
              (2 damage)
             ... on level 3 of the Dungeon.
             The game lasted 00:04:24 (1715 turns).

kae the Conjurer (Tengu Fire Elementalist)          Turns: 1715, Time: 00:04:24

Health: 0/24       AC:  2    Str:  8    XL:     4   Next: 84%
Magic:  0/9        EV: 13    Int: 16    God:
Gold:   89         SH:  0    Dex: 15    Spells: 3 memorised, 2 levels left

rFire  . . .     SeeInvis .     k - +0 mace
rCold  . . .     Gourm    .     a - +0 robe
rNeg   . . .     Faith    .     (no shield)
rPois  .         Spirit   .     (helmet restricted)
rElec  .         Reflect  .     (no cloak)
rCorr  .         Harm     .     (no gloves)
MR     .....                    (boots unavailable)
Stlth  +++.......               (no amulet)
                                (no ring)
                                j - ring of stealth

@: no status effects
A: beak, talons 3
a: no special abilities


You were on level 3 of the Dungeon.
You were not hungry.

You visited 1 branch of the dungeon, and saw 3 of its levels.

You collected 89 gold pieces.

Inventory:

Hand Weapons
 k - a +0 mace (weapon)
Armour
 a - a +0 robe (worn)
Jewellery
 j - a ring of stealth (left hand)
Scrolls
 h - 5 scrolls of identify
Potions
 g - a potion of agility
 m - a potion of might
Books
 b - a book of Flames

   Spells                             Type                      Level
   a - Flame Tongue                   Conjuration/Fire             1
   b - Throw Flame                    Conjuration/Fire             2
   c - Conjure Flame                  Conjuration/Fire             3
   d - Inner Flame                    Hexes/Fire                   3
   e - Sticky Flame                   Conjuration/Fire             4
   f - Fireball                       Conjuration/Fire             5
Comestibles
 c - a bread ration
 d - 2 beef jerkies
 f - a slice of pizza
 i - 3 chunks of flesh
 n - a meat ration
 o - 3 fruits


   Skills:
 - Level 2.1 Dodging
 - Level 2.0 Stealth
 + Level 2.7 Spellcasting
 * Level 4.2 Conjurations
 * Level 4.1 Fire Magic


You had 2 spell levels left.
You knew the following spells:

 Your Spells              Type           Power        Failure   Level  Hunger
a - Flame Tongue          Conj/Fire      ###..        4%          1    #......
b - Throw Flame           Conj/Fire      ###...       8%          2    ##.....
c - Conjure Flame         Conj/Fire      ###.....     12%         3    ###....


Dungeon Overview and Level Annotations

Branches:
Dungeon (3/15)

Altars:


Innate Abilities, Weirdness & Mutations

You have a beak for a mouth.
You have claws for feet.


Message History

Casting: Flame Tongue
Confirm with . or Enter, or press ? or * to list all spells.
Aiming: Flame Tongue
Press: ? - help, Shift-Dir - straight line, f/p - orc priest
Aim: an orc priest, wielding a whip of electrocution and wearing a ring mail (severely wounded)
The flame tongue hits the orc priest.
The orc priest appears unharmed.
The orc priest is severely wounded.
The orc priest closely misses you.
Casting: Flame Tongue
Confirm with . or Enter, or press ? or * to list all spells.
You don't have enough magic to cast that spell.
You hit the orc priest but do no damage.
The orc priest is severely wounded.
The orc priest barely misses you.
Okay, then.
You closely miss the orc priest. Your kick misses the orc priest.
The orc priest is severely wounded.
The orc priest hits you but does no damage.
The orc priest hits you with a whip of electrocution.
You die...

####.............
#...oo.........)...
#.##.##......###.##
#.##.##o.....# #
#.##(##.######
#.##(##.####### ###
#.#............ #.#
#.o..##.##....> #.#
#.@.(##.# #### #.#
###...(##.#
#.##.#####.........# #
#.##...............# #.
#.########.........#..
####.## #.#
####..........#. ...... #.#
####..)............# #....
####.###...........###.#.##
#.... #.......)##.##.#####
#.#.# #....


You could see an orc priest.

Vanquished Creatures
  An orc wizard (D:3)
  2 adders
  An ooze (D:1)
  2 dart slugs
  A leopard gecko (D:2)
  3 orcs (D:3)
  4 bats
  5 giant cockroaches (D:1)
  7 goblins
  4 hobgoblins
  5 kobolds
  A quokka (D:3)
  A ball python (D:1)
  7 frilled lizards
  8 rats
52 creatures vanquished.

Notes
Turn   | Place    | Note
-------+----------+-------------------------------------------
     0 | D:1      | kae the Tengu Fire Elementalist began the quest for the Orb.
     0 | D:1      | Reached XP level 1. HP: 10/10 MP: 4/4
    65 | D:1      | Reached XP level 2. HP: 8/15 MP: 0/6
   355 | D:1      | Reached XP level 3. HP: 19/19 MP: 3/7
  1204 | D:2      | Reached XP level 4. HP: 22/24 MP: 5/8
  1264 | D:2      | Learned a level 2 spell: Throw Flame
  1268 | D:2      | Learned a level 3 spell: Conjure Flame
  1715 | D:3      | Slain by an orc priest

Skill      XL: |  1  2  3  4 |
---------------+-------------+-----
Conjurations   | 2 3 4 |  4.2
Fire Magic     | 4 |  4.1
Dodging        | |  2.1
Stealth        | |  2.0
Spellcasting   | |  2.7

Action                   |  1- 3 |  4- 6 || total
-------------------------+-------+-------++-------
Melee: Unarmed           |    10 |       ||    10
       Kick              |     5 |       ||     5
       Peck              |     2 |       ||     2
       Mace              |    16 |     7 ||    23
 Cast: Flame Tongue      |    49 |    28 ||    77
       Throw Flame       |       |     5 ||     5
  Use: Scroll            |     6 |     2 ||     8
       Potion            |       |     1 ||     1
 Stab: Sleeping          |     1 |     1 ||     2
  Eat: Chunk             |     2 |     2 ||     4
Armor: Robe              |     9 |     1 ||    10
Dodge: Dodged            |    24 |    17 ||    41
